 Dungeon Crawl Stone Soup version 0.27.0-66-gdc8fb28755 (webtiles) character file.

Game seed: 10505441924301041455

95 robertstho the Skirmisher (level 4, -3/49 HPs)
             Began as an Octopode Berserker on Aug 19, 2021.
             Was a Follower of Trog.
             Slain by Natasha (9 damage)
             ... on level 2 of the Dungeon.
             The game lasted 00:01:08 (1570 turns).

robertstho the Skirmisher (Octopode Berserker)      Turns: 1570, Time: 00:01:10

Health: -3/49      AC:  1    Str: 17    XL:     4   Next: 66%
Magic:  4/4        EV: 13    Int:  9    God:    Trog [*.....]
Gold:   9          SH:  0    Dex: 11    Spells: 3/3 levels left

rFire    . . .     SeeInvis .   a - +2 whip (elec)
rCold    . . .     Faith    .   (no shield)
rNeg     . . .     Spirit   .   (helmet restricted)
rPois    .         Reflect  .   (no amulet)
rElec    .         Harm     .   (no ring)
rCorr    .         Rampage  .   (no ring)
Will     .....                  (no ring)
Stlth    ..........             (no ring)
HPRegen  0.16/turn              (no ring)
MPRegen  0.09/turn              (no ring)
                                (no ring)
                                (no ring)

@: berserking, lethally poisoned (-3 -> -4), slowed
A: almost no armour, amphibious, 8 rings, camouflage 1, gelatinous body 1,
(nimble swimmer 1), tentacles
a: Renounce Religion, Berserk


You were on level 2 of the Dungeon.
You worshipped Trog.
Trog was aware of your devotion.
You visited 1 branch of the dungeon, and saw 2 of its levels.

You collected 9 gold pieces.

Inventory:

Hand Weapons
 a - a +2 whip of electrocution (weapon)
Scrolls
 b - 2 scrolls of identify {unknown}
 c - a scroll of immolation {unknown}
 e - a scroll of silence {unknown}
 f - a scroll of enchant armour {unknown}
 g - a scroll of teleportation {unknown}
Potions
 d - a potion of ambrosia {unknown}
 h - a potion of degeneration {unknown}
 i - 2 potions of flight {unknown}


   Skills:
 * Level 3.8 Fighting
 + Level 1.6 Maces & Flails
 + Level 3.4 Dodging
 + Level 1.4 Stealth
 * Level 3.7 Unarmed Combat


You had 3 spell levels left.
You didn't know any spells.
Your spell library was empty.

Dungeon Overview and Level Annotations

Branches:
Dungeon (2/15)

Altars:

Annotations:
D:2 Natasha


Innate Abilities, Weirdness & Mutations

You cannot wear most types of armour.
You are amphibious.
You can wear up to eight rings at the same time.
Your skin changes colour to match your surroundings (Stealth+).
Your rubbery body absorbs attacks. (AC +1, EV +1)
((You are camouflaged near water. (Stealth+)))
You have tentacles for arms and can constrict up to eight enemies at once.


Message History

Natasha is lightly wounded.
You feel sick. The adder completely misses you.
The dart slug closely misses you.
Natasha stares at you and mumbles some strange words.
You feel yourself slow down.
You barely miss Natasha. Your grab misses Natasha.
Natasha is lightly wounded.
You feel sick. The adder bites you but does no damage.
The adder barely misses you.
Natasha mumbles some strange words.
The dart slug launches a dart at you. The slug dart hits you.
You are too injured to fight recklessly!
You are too injured to fight recklessly!
You are too injured to fight recklessly!
You are too injured to fight recklessly!
You are too injured to fight recklessly!
You are too injured to fight recklessly!
You are too injured to fight recklessly!
You are too injured to fight recklessly!
You are too injured to fight recklessly!
You are too injured to fight recklessly!
You are too injured to fight recklessly!
You are too injured to fight recklessly!
You are too injured to fight recklessly!
You are too injured to fight recklessly!
Unknown command.
A red film seems to cover your vision as you go berserk!
You feel yourself moving faster!
You feel mighty!
You feel sick. The adder closely misses you. Natasha claws you!
* * * LOW HITPOINT WARNING * * *
The dart slug closely misses you. The adder bites you.
* * * LOW HITPOINT WARNING * * *
Natasha barely misses you.
You completely miss Natasha. Your grab misses Natasha.
Natasha is lightly wounded.
You feel sick. The adder barely misses you. The crimson imp closely misses you.
The dart slug bites you.
* * * LOW HITPOINT WARNING * * *
Natasha claws you!
You die...

# #.. ... #. #.# ..#
### #.###.##..## #..#
#.. #.......... ..#
#.# #........# #.#
#.# #.......#
##'###.# #..Sh..?#
##...##.# #..w@5..#
##.....#.. ##.....##
##.......##
#.#....####.........#
#.
##......'.........' #
#....####....)....#
#.##.## ##.......##
#. ### ##)....## #
##..†## ##+##


You could see Natasha, a crimson imp (summoned), an adder and a dart slug.

Vanquished Creatures
  Jessica (D:2)
  Natasha (D:2)
  An ufetubus (D:2)
  3 endoplasms
  2 giant cockroaches
  3 goblins
  A hobgoblin (D:1)
  8 jackals
  A kobold (D:1)
  3 quokkas (D:1)
  3 ball pythons (D:1)
  A bat (D:1)
  5 frilled lizards
  5 rats
38 creatures vanquished.

Notes
Turn   | Place    | Note
-------+----------+-------------------------------------------
     0 | D:1      | robertstho the Octopode Berserker began the quest for the
                  | Orb.
     0 | D:1      | Reached XP level 1. HP: 16/16 MP: 1/1
   325 | D:1      | Reached XP level 2. HP: 21/21 MP: 2/2
   337 | D:1      | Found a faded altar of an unknown god.
   701 | D:1      | Reached XP level 3. HP: 19/26 MP: 3/3
  1012 | D:2      | Noticed Jessica
  1015 | D:2      | Killed Jessica
  1016 | D:2      | Reached skill level 1 in Maces & Flails
  1016 | D:2      | Reached skill level 1 in Stealth
  1020 | D:2      | Reached XP level 4. HP: 22/32 MP: 4/4
  1315 | D:2      | Reached ** piety under Trog
  1476 | D:2      | Noticed Natasha
  1487 | D:2      | Killed Natasha
  1561 | D:2      | Noticed Natasha
  1570 | D:2      | Slain by Natasha

Illustrated notes

Levels and vault maps discovered:
D:1:      dpeg_arrival_another_circle, layout_basic,
          hellmonk_ecumenical_altar_run_dry
D:2:      layout_loops_corners, uniq_natasha, uniq_jessica, uniq_sigmund

Skill      XL: |  1  2  3 |
---------------+----------+-----
Maces & Flails | 1 |  1.6
Stealth        | 1 |  1.4
Fighting       | |  3.8
Dodging        | |  3.4
Unarmed Combat | |  3.7

Action                   |  1- 3 |  4- 6 || total
-------------------------+-------+-------++-------
Melee: Whip              |    46 |    30 ||    76
       Constrict         |    13 |     5 ||    18
       Tentacles         |     5 |     2 ||     7
       Unarmed           |     1 |       ||     1
       Punch             |       |     1 ||     1
Invok: Berserk           |       |     1 ||     1
 Stab: Sleeping          |     5 |       ||     5
Armor: Skin              |     2 |     4 ||     6
Dodge: Dodged            |    44 |    25 ||    69
